 Dungeon Crawl Stone Soup version 0.23.2-30-g0e89c35649 (webtiles) character file.

Game seed: 1461975675932590642

112 Lauz the Slasher (level 4, -3/40 HPs)
             Began as a Minotaur Fighter on June 8, 2019.
             Killed by nerve-wracking pain
             ... invoked by an orc priest
              (9 damage)
             ... on level 3 of the Dungeon.
             The game lasted 00:03:48 (1899 turns).

Lauz the Slasher (Minotaur Fighter)                 Turns: 1899, Time: 00:03:49

Health: -3/40      AC:  9    Str: 21    XL:     4   Next: 63%
Magic:  3/3        EV:  7    Int:  5    God:
Gold:   104        SH:  9    Dex: 10    Spells: 3/3 levels left

rFire    . . .     SeeInvis .   a - +0 long sword
rCold    . . .     Gourm    .   c - +0 shield
rNeg     . . .     Faith    .   b - +0 scale mail
rPois    .         Spirit   .   (helmet restricted)
rElec    .         Reflect  .   (no cloak)
rCorr    .         Harm     .   (no gloves)
MR       .....                  g - +1 pair of boots
Stlth    ..........             (no amulet)
HPRegen  0.13/turn              (no ring)
MPRegen  0.08/turn              (no ring)

@: no status effects
A: retaliatory headbutt, horns 2
a: no special abilities


You were on level 3 of the Dungeon.
You were hungry.

You visited 1 branch of the dungeon, and saw 3 of its levels.

You collected 104 gold pieces.

Inventory:

Hand Weapons
 a - a +0 long sword (weapon)
Armour
 b - a +0 scale mail (worn)
 c - a +0 shield (worn)
 g - a +1 pair of boots (worn)
Scrolls
 e - a scroll of amnesia {unknown}
 h - 4 scrolls of identify {unknown}
 i - 2 scrolls of remove curse {unknown}
 j - a scroll of fog {unknown}
 p - a scroll of enchant armour {unknown}
 q - a scroll of enchant weapon {unknown}
 s - a scroll of magic mapping {unknown}
 t - a scroll of immolation {unknown}
Potions
 d - 2 potions of might
 k - a potion of lignification {unknown}
 l - a potion of heal wounds {unknown}
 m - a potion of cancellation {unknown}
 n - a potion of haste {unknown}
 o - a potion of brilliance {unknown}
Comestibles
 f - 8 rations
 r - 4 chunks of flesh


   Skills:
 + Level 4.1 Fighting
 * Level 4.7 Long Blades
 + Level 4.1 Armour
 + Level 0.3 Dodging
 + Level 4.1 Shields


You had 3 spell levels left.
You didn't know any spells.
Your spell library was empty.

Dungeon Overview and Level Annotations

Branches:
Dungeon (3/15)

Altars:


Innate Abilities, Weirdness & Mutations

You reflexively headbutt those who attack you in melee.
You have a pair of horns on your head.


Message History

You kill the orc!
You completely miss the orc priest.
The orc priest calls down the wrath of Beogh upon you.
Pain shoots through your body!
You hit the orc priest but do no damage.
The orc priest closely misses you.
You hit the orc priest.
The orc priest is moderately wounded.
The orc priest hits you but does no damage.
The orc priest mumbles some strange prayers to Beogh against you.
Beogh smites you!
* * * LOW HITPOINT WARNING * * *
The orc wizard gestures wildly while chanting.
The orc wizard seems to speed up.
You hit the orc priest. Your headbutt misses the orc priest.
The orc priest is heavily wounded.
The orc wizard looks satisfied for a moment.
The orc priest calls down the wrath of Beogh upon you.
Pain shoots through your body!
You die...

### #.. #.# #o#
#o# #######@#
#.....^.##
#.###....# #.#
#.##.#
#.###.##.#### +###
#.#...##.#..#
.....
#.###.##.#..#
.)... #.#
#.##....#......
#.###.#..#.##....#


You could see an orc priest and an orc wizard.

Vanquished Creatures
  An orc priest (D:3)
  A worm (D:2)
  2 dart slugs (D:1)
  4 leopard geckos
  8 orcs
  A ball python (D:3)
  2 bats
  2 giant cockroaches (D:1)
  8 goblins
  9 hobgoblins
  A frilled lizard (D:1)
  11 kobolds
  10 rats
60 creatures vanquished.

Vanquished Creatures (others)
  A plant (D:1)
1 creature vanquished.

Grand Total: 61 creatures vanquished

Notes
Turn   | Place    | Note
-------+----------+-------------------------------------------
     0 | D:1      | Lauz the Minotaur Fighter began the quest for the Orb.
     0 | D:1      | Reached XP level 1. HP: 19/19 MP: 0/0
    25 | D:1      | Reached XP level 2. HP: 9/27 MP: 1/1
   748 | D:1      | Reached XP level 3. HP: 30/33 MP: 2/2
  1698 | D:2      | Reached XP level 4. HP: 40/40 MP: 3/3
  1899 | D:3      | Killed from afar by an orc priest

Skill      XL: |  1  2  3 |
---------------+----------+-----
Long Blades    | 3 4 |  4.7
Armour         | 4 |  4.1
Shields        | 4 |  4.1
Fighting       | 4 |  4.1
Dodging        | |  0.3

Action                   |  1- 3 |  4- 6 || total
-------------------------+-------+-------++-------
Melee: Long sword        |   139 |    38 ||   177
       Headbutt          |    17 |     8 ||    25
  Eat: Chunk             |     2 |     1 ||     3
Armor: Scale mail        |    70 |    15 ||    85
Dodge: Dodged            |    43 |     7 ||    50
Block: Shield            |    82 |    12 ||    94
       Rpst.: Long sword |    13 |     1 ||    14
